 Dungeon Crawl Stone Soup version 0.30-a0-571-gdf30a72648 (webtiles) character file.

Game seed: 10669364588589089565

18328 Pooter the Fighter (level 12, -15/156 (162) HPs)
             Began as a Minotaur Berserker on Dec 29, 2022.
             Was an Elder of Trog.
             Killed from afar by an orc sorcerer (22 damage)
             ... with a bolt of negative energy
             ... on level 2 of the Orcish Mines.
             The game lasted 01:25:59 (11060 turns).

Pooter the Fighter (Minotaur Berserker)            Turns: 11060, Time: 01:25:59

HP:   -15/156 (162) AC: 12    Str: 30    XL:     12   Next: 26%
MP:   11/11         EV:  8    Int:  4    God:    Trog [****..]
Gold: 1077          SH:  0    Dex: 17    Spells: 11/11 levels left

rFire   . . .      SeeInvis .    a - +8 quarterstaff of True Grit {heavy, rElec Dex+4}
rCold   + . .      Faith    .    (shield currently unavailable)
rNeg    . . .      Spirit   .    k - +3 plate armour
rPois   .          Reflect  .    (helmet restricted)
rElec   +          Harm     .    V - +0 cloak
rCorr   .          Rampage  .    A - +0 pair of gloves
Will    .....                    (no boots) Stlth
                                 R - amulet of regeneration
HPRegen 1.26/turn                g - +6 ring of strength
MPRegen 0.12/turn                I - ring of protection from cold

@: berserking (expiring), lethally poisoned (-15 -> -16), corroded, lightly
drained, very quick
A: horns 2, retaliatory headbutt
a: Renounce Religion, Berserk, Trog's Hand, Brothers in Arms


You were on level 2 of the Orcish Mines.
You worshipped Trog.
Trog was greatly pleased with you.
You visited 2 branches of the dungeon, and saw 12 of its levels.
You also visited: Bailey.

You collected 1246 gold pieces.
You spent 169 gold pieces at shops.

Inventory:

Hand Weapons
 a - the +8 quarterstaff of True Grit (weapon) {heavy, rElec Dex+4}
   (You found it on level 7 of the Dungeon)

   It deals dramatically more damage, but attacks with it are much slower.
   Dex:       It affects your dexterity (+4).
   rElec:     It insulates you from electricity.
 b - a +1 arbalest
   (You took it off Saint Roka on level 2 of the Orcish Mines)
 c - a +4 halberd
   (You took it off a gnoll on level 10 of the Dungeon)
 v - a +0 great mace
   (You found it on level 4 of the Dungeon)
 L - the +6 spear of Checks and Balances {venom, Drain rPois rN+++ Str-5}
   (You found it on level 6 of the Dungeon)

   It poisons the flesh of those it strikes.
   Str:       It affects your strength (-5).
   rPois:     It protects you from poison.
   rN:        It renders you almost immune to negative energy.
   Drain:     It drains your maximum health when unequipped.
 T - a +0 broad axe
   (You took it off an orc warrior in a bailey)
 U - a +4 battleaxe
   (You took it off a wight on level 8 of the Dungeon)
 Y - a +1 dire flail of draining
   (You took it off a wight on level 9 of the Dungeon)
Missiles
 n - 59 poisoned darts
 r - 2 throwing nets {!f}
 y - 25 boomerangs (quivered)
 E - 3 javelins
 N - 17 curare-tipped darts
 Q - 108 stones
 S - 8 atropa-tipped darts
Armour
 k - a +3 plate armour (worn)
   (You found it on level 2 of the Dungeon)
 p - the +3 chain mail "Qiocuupui" {rElec Int-4 Dex+4}
   (You found it on level 5 of the Dungeon)

   Int:       It affects your intelligence (-4).
   Dex:       It affects your dexterity (+4).
   rElec:     It insulates you from electricity.
 A - a +0 pair of gloves (worn)
   (You found it on level 3 of the Dungeon)
 V - a +0 cloak (worn)
   (You took it off Maurice on level 9 of the Dungeon)
Jewellery
 g - a +6 ring of strength (left hand)
   (You found it on level 1 of the Dungeon)
 I - a ring of protection from cold (right hand)
   (You took it off a hobgoblin on level 3 of the Dungeon)
 P - a ring of fire
   (You found it on level 7 of the Dungeon)
 R - an amulet of regeneration (around neck)
   (You found it on level 5 of the Dungeon)
Wands
 d - a wand of iceblast (1)
   (You took it off an orc wizard on level 8 of the Dungeon)
 f - a wand of flame (17)
   (You took it off Robin on level 2 of the Dungeon)
 u - a wand of paralysis (13)
   (You found it on level 5 of the Dungeon)
 D - a wand of digging (1)
   (You took it off Ijyb on level 3 of the Dungeon)
Scrolls
 e - 3 scrolls of fog
 j - 2 scrolls of poison {!r}
 l - 5 scrolls of vulnerability {!r}
 m - 3 scrolls of immolation {!r}
 q - 2 scrolls of fear
 t - 2 scrolls of teleportation {@r4}
 J - 5 scrolls of magic mapping
 M - a scroll of noise {!r}
Potions
 h - a potion of flight {unknown}
 o - 2 potions of curing {@q1}
 s - a potion of mutation {!q}
 w - a potion of invisibility
 x - 3 potions of ambrosia
 C - a potion of haste {@q3}
 G - a potion of lignification {!q}
 K - 2 potions of attraction {!q}
Miscellaneous
 B - a phantom mirror (inert)
   (You found it in a bailey)


   Skills:
 + Level 10.8 Fighting
 + Level 9.9(10.8) Axes
 - Level 6.9(11.6) Maces & Flails
 * Level 10.7(11.6) Staves
 * Level 8.4 Ranged Weapons
 - Level 2.4 Armour
 - Level 2.1 Dodging
 - Level 7.7 Stealth
 - Level 5.8 Evocations


You had 11 spell levels left.
You didn't know any spells.
Your spell library was empty.

Dungeon Overview and Level Annotations

Branches:
Dungeon (10/15)            Temple (0/1) D:7            Lair (0/5) D:10
    Orc (2/2) D:10            Elf (0/3) Orc:2        Bailey (visited)

Altars:
Ashenzari
Cheibriados
Dithmenos
Hepliaklqana
Okawaru
Qazlal
Ru
Wu Jian

Shops:
Orc:1 =   Orc:2 ?

Annotations:
D:10 Harold


Innate Abilities, Weirdness & Mutations

You have a pair of horns on your head.
You reflexively headbutt those who attack you in melee.


Message History

An orc priest comes into view. It is wielding a +0 mace.
The orc knight hits your black bear with a +0 battleaxe of venom!
Your black bear looks as sick as possible!
The orc high priest hits you with a +0 glaive of protection!
* * * LOW HITPOINT WARNING * * *
Things that are here:
a +0 mace of holy wrath; an orc corpse; a rat skeleton You closely miss the orc high priest.
You feel very sick.
Your black bear bites the orc knight but does no damage.
Your black bear claws the orc knight but does no damage. x2
The orc wizard casts a spell.
The orc wizard flickers and vanishes!
Deactivating autopickup; reactivate with Ctrl-A.
The orc high priest mumbles some strange prayers to Beogh.
The orc knight hits your black bear with a +0 battleaxe of venom!!
Your black bear dies!
Your black bear's corpse disappears in a puff of smoke!
The orc high priest utters an invocation to Beogh.
The orc warrior hits you with a +0 scimitar!
* * * LOW HITPOINT WARNING * * *
The orc warrior closely misses you.
The orc knight shouts!
You barely miss the orc high priest. You headbutt the orc high priest!
You feel sick. The orc warrior barely misses you. You furiously retaliate!
You headbutt the orc warrior! The orc warrior barely misses you.
The orc high priest prays to Beogh.
The orc knight roars a battlecry!
The orcs go into a battle-frenzy!
You beat the orc high priest like a drum!!!
Your headbutt misses the orc high priest.
You feel sick.
You hear a shout!
The rust devil hits you!
* * * LOW HITPOINT WARNING * * *
The rust devil corrodes you!
You sock the orc high priest!
You kill the orc high priest!
Trog accepts your kill.
The ice devil disappears in a puff of smoke!
The rust devil disappears in a puff of smoke!
The hellwing disappears in a puff of smoke!
You feel sick.
The orc warrior hits you with a +0 scimitar.
* * * LOW HITPOINT WARNING * * *
The orc priest calls down the wrath of Beogh upon you.
Beogh smites you!
* * * LOW HITPOINT WARNING * * *
The orc sorcerer gestures at you while chanting.
The bolt of negative energy hits you!!
You feel drained.
You die...

...............#.....#....#
.........................##
........................##
...................###.##
..[....<..#..#..#.## ###
.)...#.#........#####
.#...###......###...##
......#......##.§....##
...#.###.#.###4)@oo...## ..
...######..#..o§o##....# ...
....#.##..##.oo.####...##....
.........##...o. #.)..#....
.#.##....#÷.÷÷.o ##........
..##....##.....o #))......
...#...#.#....§o #.....#..
......####.....÷ #........
.......#.# #........


You could see an orc knight, an orc high priest (strong), a rust devil
(summoned), an orc sorcerer (strong), 4 orc warriors, 2 orc priests and an orc
wizard (strong).

Vanquished Creatures
  Saint Roka (Orc:2)
  A hydra (D:10)
  2 two-headed ogres
  2 orc high priests (Orc:2)
  Sonja (D:10)
  Pikel (D:4)
  An orc knight (Orc:2)
  3 orc sorcerers (Orc:2)
  Maurice (D:9)
  Grinder (D:4)
  5 trolls
  2 shadows (D:10)
  9 yaks
  3 wyverns
  2 basilisks (D:10)
  A steam dragon (D:8)
  2 acid dragons (D:10)
  A warg (Orc:1)
  2 water moccasins
  21 orc warriors
  5 ogres
  3 centaurs
  2 phantoms
  11 kobold brigands
  4 necrophages
  3 bullfrogs
  A scorpion (D:5)
  2 gnoll sergeants
  13 wights
  3 killer bees (D:10)
  3 howler monkeys (D:10)
  4 hounds
  13 orc priests
  4 jellies
  5 iguanas
  Ijyb (D:3)
  26 orc wizards
  Robin (D:2)
  6 adders
  9 gnolls
  2 white imps
  2 ufetubi (D:5)
  A worm (D:4)
  65 orcs
  14 endoplasms
  5 giant cockroaches
  7 hobgoblins
  11 jackals
  35 kobolds
  6 quokkas
  7 ball pythons
  5 bats
  4 frilled lizards
  17 goblins
  3 rats
365 creatures vanquished.

Vanquished Creatures (collateral kills)
  3 orc warriors (Orc:2)
  An orc (Orc:2)
4 creatures vanquished.

Grand Total: 369 creatures vanquished

Notes
Turn   | Place    | Note
-------+----------+-------------------------------------------
     0 | D:1      | Pooter the Minotaur Berserker began the quest for the Orb.
     0 | D:1      | Reached XP level 1. HP: 19/19 MP: 0/0
   165 | D:1      | Reached XP level 2. HP: 27/27 MP: 1/1
   587 | D:2      | Reached ** piety under Trog
   588 | D:2      | Reached skill level 1 in Stealth
   671 | D:2      | Reached XP level 3. HP: 33/33 MP: 2/2
   768 | D:2      | Noticed Robin
   775 | D:2      | Killed Robin
   865 | D:2      | Reached skill level 5 in Axes
   865 | D:2      | Reached XP level 4. HP: 41/41 MP: 3/3
   979 | D:2      | Found a faded altar of an unknown god.
  1215 | D:3      | Noticed Ijyb
  1222 | D:3      | Killed Ijyb
  1352 | D:3      | Found an ornate altar of the Wu Jian Council.
  1461 | D:3      | Reached XP level 5. HP: 39/47 MP: 4/4
  1911 | D:3      | You fall into a shaft and drop 3 floors!
  1919 | D:5      | Entered Level 5 of the Dungeon
  1922 | D:5      | Reached skill level 5 in Fighting
  1948 | D:4      | Noticed Pikel
  1948 | D:4      | Noticed a lemure
  1948 | D:4      | Noticed a lemure
  1948 | D:4      | Noticed a lemure
  1948 | D:4      | Noticed a lemure
  1952 | D:4      | Killed Pikel
  1953 | D:4      | Reached XP level 6. HP: 57/57 MP: 5/5
  1953 | D:4      | Reached XP level 7. HP: 63/63 MP: 6/6
  2022 | D:4      | Reached *** piety under Trog
  2325 | D:4      | Reached skill level 1 in Maces & Flails
  2568 | D:4      | Noticed Grinder
  2579 | D:4      | Killed Grinder
  3010 | D:4      | Found a broken altar of Ashenzari.
  3010 | D:4      | Found a sacrificial altar of Ru.
  3068 | D:5      | Reached XP level 8. HP: 69/71 MP: 7/7
  3170 | D:5      | Found a snail-covered altar of Cheibriados.
  3170 | D:5      | Found a hazy altar of Hepliaklqana.
  3676 | D:5      | Identified the +3 chain mail "Qiocuupui" {rElec Int-4
                  | Dex+4}
  3725 | D:5      | Reached skill level 5 in Maces & Flails
  4436 | D:5      | Reached **** piety under Trog
  4568 | D:5      | Upgraded the game from 0.30-a0-568-g124715a40b to
                  | 0.30-a0-571-gdf30a72648
  4835 | D:6      | Reached skill level 1 in Ranged Weapons
  4844 | D:6      | Reached skill level 1 in Evocations
  4994 | D:6      | Reached skill level 5 in Stealth
  5031 | D:6      | Reached XP level 9. HP: 80/80 MP: 8/8
  5038 | D:6      | Identified the +6 spear of Checks and Balances {venom,
                  | Drain rPois rN+++ Str-5}
  5412 | D:7      | Identified the +8 quarterstaff of True Grit {heavy, rElec
                  | Dex+4}
  5673 | D:7      | Noticed a two-headed ogre
  5675 | D:7      | Reached skill level 1 in Staves
  6208 | D:7      | Killed a two-headed ogre
  6252 | D:7      | Found a staircase to the Ecumenical Temple.
  6493 | D:8      | Found a flagged portal.
  6502 | Bailey   | Entered a bailey
  6636 | Bailey   | Reached skill level 5 in Ranged Weapons
  6727 | Bailey   | Reached XP level 10. HP: 88/90 MP: 9/9
  6732 | Bailey   | Reached skill level 5 in Staves
  6801 | Bailey   | Found an iron altar of Okawaru.
  7690 | D:9      | Noticed Maurice
  7695 | D:9      | Killed Maurice
  8352 | D:10     | Entered Level 10 of the Dungeon
  8358 | D:10     | Noticed Sonja
  8602 | D:10     | Found a stormy altar of Qazlal.
  8624 | D:10     | Reached XP level 11. HP: 97/97 MP: 10/10
  8642 | D:10     | Noticed a two-headed ogre
  8762 | D:10     | Killed Sonja
  8771 | D:10     | Noticed a six-headed hydra
  8821 | D:10     | Killed a six-headed hydra
  8932 | D:10     | Found a staircase to the Lair.
  8938 | D:10     | Reached skill level 5 in Evocations
  8976 | D:10     | Found a staircase to the Orcish Mines.
  9134 | D:10     | Killed a two-headed ogre
  9135 | D:10     | Reached skill level 10 in Fighting
  9230 | D:10     | Noticed Harold
  9502 | D:10     | Found an iron altar of Okawaru.
  9504 | D:10     | Found a shadowy altar of Dithmenos.
  9530 | Orc:1    | Entered Level 1 of the Orcish Mines
  9560 | Orc:1    | Found Xeskirug's Jewellery Shop.
 10019 | Orc:2    | Entered Level 2 of the Orcish Mines
 10077 | Orc:2    | Noticed an orc sorcerer
 10080 | Orc:2    | Killed an orc sorcerer
 10238 | Orc:2    | Found Ruhaett's Magic Scroll Shoppe.
 10286 | Orc:2    | Noticed Saint Roka
 10408 | Orc:2    | Killed Saint Roka
 10409 | Orc:2    | Reached skill level 10 in Staves
 10409 | Orc:2    | Reached XP level 12. HP: 93/108 MP: 11/11
 10479 | Orc:2    | Bought a scroll of identify for 26 gold pieces
 10479 | Orc:2    | Bought a scroll of identify for 26 gold pieces
 10479 | Orc:2    | Bought a scroll of teleportation for 39 gold pieces
 10479 | Orc:2    | Bought a scroll of identify for 26 gold pieces
 10479 | Orc:2    | Bought a scroll of identify for 26 gold pieces
 10479 | Orc:2    | Bought a scroll of identify for 26 gold pieces
 10523 | Orc:2    | Found a staircase to the Elven Halls.
 11046 | Orc:2    | Noticed an orc high priest
 11049 | Orc:2    | Noticed an orc high priest
 11052 | Orc:2    | Noticed an orc high priest
 11055 | Orc:2    | Killed an orc high priest
 11060 | Orc:2    | Killed an orc high priest
 11060 | Orc:2    | HP: 7/162 [orc priest/divine providence (10)]
 11060 | Orc:2    | Killed from afar by an orc sorcerer

Illustrated notes

Levels and vault maps discovered:
D:1:      giann_bridges, layout_loops_ring
D:2:      layout_rooms, basic_ecumenical_altar, uniq_robin
D:3:      layout_loops_ring, mainiacjoe_overflow_boulevard,
          chequers_serial_rivers_marsh, chequers_serial_rivers_large_b,
          uniq_ijyb
D:4:      layout_gridville, minitemple, minmay_fractal_squares_5, uniq_grinder,
          uniq_pikel
D:5:      layout_layer_cave, mainiacjoe_overflow_divided_tiny,
          minmay_fractal_squares_gapless_5
D:6:      layout_loops_ring, st_stairs_3
D:7:      layout_loops_ring, minmay_temple_entry_statues
D:8:      layout_gridville, enter_bailey_1
D:9:      layout_cave_pools, uniq_maurice
D:10:     layout_long_grid, nicolae_qazlal_style_of_elements,
          nicolae_overflow_hidden_temple, david_lair_generic, orc_0_dummy,
          minmay_liquid_box, onia_ninara_cookie, uniq_sonja, uniq_harold
Orc:1:    layout_caves, serial_shops, nicolae_shop_advertising_works
          [nicolae_subvault_shop_adworks]
Orc:2:    grunt_orc_tribal_feast, layout_caves, gammafunk_ghost_smash,
          serial_shops, shop, david_defended_altar_orc, uniq_saint_roka

Skill      XL: |  1  2  3  4  5  6  7  8  9 10 11 12 |
---------------+-------------------------------------+-----
Axes           | 4 5 7 8 9 |  9.9
Fighting       | 4 6 7 8 9 10 | 10.8
Stealth        | 1 3 4 5 6 7 |  7.7
Maces & Flails | 3 6 |  6.9
Ranged Weapons | 2 5 6 7 8 |  8.4
Evocations     | 1 3 4 5 |  5.8
Staves         | 4 7 10 | 10.7
Armour         | |  2.4
Dodging        | |  2.1

Action                   |  1- 3 |  4- 6 |  7- 9 | 10-12 || total
-------------------------+-------+-------+-------+-------++-------
Melee: Spear             |    82 |    56 |     9 |       ||   147
       Headbutt          |     9 |     4 |    42 |    56 ||   111
       Punch             |     1 |     1 |       |       ||     2
       Great mace        |       |       |   154 |       ||   154
       Quarterstaff      |       |       |    49 |   289 ||   338
       Battleaxe         |       |       |       |    16 ||    16
 Fire: Sling             |     8 |    29 |    62 |       ||    99
       Shortbow          |       |       |    42 |    62 ||   104
       Arbalest          |       |       |       |    30 ||    30
Throw: Boomerang         |       |       |     6 |    19 ||    25
       Javelin           |       |       |       |     3 ||     3
       Dart              |       |       |       |     3 ||     3
Invok: Berserk           |       |     3 |     6 |    14 ||    23
       Trog's Hand       |       |     1 |     6 |    26 ||    33
       Brothers in Arms  |       |       |       |     1 ||     1
Evoke: Wand              |       |     1 |     3 |    25 ||    29
       Phantom mirror    |       |       |       |     1 ||     1
  Use: Scroll            |     3 |     4 |    10 |    16 ||    33
       Potion            |       |       |     2 |     2 ||     4
 Stab: Sleeping          |     3 |       |       |       ||     3
       Paralysed         |       |       |       |     4 ||     4
Armor: Animal skin       |     6 |       |       |       ||     6
       Plate armour      |    10 |    35 |   167 |   252 ||   464
Dodge: Dodged            |    32 |    22 |   125 |   176 ||   355

Table legend: (Time is in decaauts)
 A = Elapsed time spent in this place.
 B = Non-inter-level travel time spent in this place.
 C = Inter-level travel time spent in this place.
 D = Time resting spent in this place.
 E = Time spent auto-exploring this place.
 F = Levels seen in this place.
 G = Mean time per level.
                   A        B        C        D        E       F      G
               +--------+--------+--------+--------+--------+-----+--------+
         Total |  11598 |  11281 |    317 |   2073 |   6161 |  13 |  892.2 |
       Dungeon |   9587 |   9308 |    279 |   1636 |   5566 |  10 |  958.7 |
  Orcish Mines |   1612 |   1574 |     38 |    283 |    576 |   2 |  806.0 |
        Bailey |    399 |    399 |      0 |    152 |     19 |   1 |  399.0 |
               +--------+--------+--------+--------+--------+-----+--------+

Top non-repeatable levels by time:
     D:5: 1581 daAuts
     D:6: 1061 daAuts
     D:3: 1045 daAuts
     D:8: 1021 daAuts
    D:10: 1012 daAuts
     D:9: 959 daAuts
   Orc:2: 937 daAuts
     D:4: 921 daAuts
     D:7: 802 daAuts
   Orc:1: 674 daAuts
     D:2: 602 daAuts
     D:1: 577 daAuts
  Bailey: 399 daAuts
